 Dungeon Crawl Stone Soup version bcrawl-1.18.1 (webtiles) character file.

Game seed: 12087252943550217532

694 Revguard the Chopper (level 7, -14/78 HPs)
             Began as a Demonspawn Archaeologist on Nov 7, 2019.
             Was a Follower of Cheibriados.
             Demolished by a two-headed ogre
             ... wielding a +0 giant club
              (17 damage)
             ... on level 4 of the Dungeon.
             The game lasted 00:13:54 (4023 turns).

Revguard the Chopper (Demonspawn Archaeologist)     Turns: 4023, Time: 00:13:55

Health: -14/78     AC: 23    Str: 19    XL:     7   Next: 37%
Magic:  8/8        EV:  2    Int: 18    God:    Cheibriados [*.....]
Gold:   265        SH:  0    Dex: 22    Spells: 6/6 levels left

rFire    + . .     SeeInvis .   l - +0 hand axe (flame)
rCold    . . .     Gourm    .   (no shield)
rNeg     + + +     Faith    .   (armour currently unavailable)
rPois    +         Spirit   .   (helmet currently unavailable)
rElec    .         Reflect  .   (cloak currently unavailable)
rCorr    .         Harm     .   (gloves currently unavailable)
MR       .....     NoTele   +   (boots currently unavailable)
Stlth    ++........             k - amulet of the acrobat
HPRegen  0.23/turn              p - ring of protection from fire
MPRegen  0.11/turn              (no ring)

@: confused, mighty, agile, tree-form (expiring), studying Axes, very slow
A: powered by pain 2
a: Bend Time, Renounce Religion


You were on level 4 of the Dungeon.
You worshipped Cheibriados.
Cheibriados was aware of your devotion.
You were not hungry.
You were a tree.
You visited 1 branch of the dungeon, and saw 4 of its levels.

You collected 265 gold pieces.

Inventory:

Hand Weapons
 l - a +0 hand axe of flaming (weapon)
 t - a +0 flail
Armour
 c - a +1 hat (melded)
 d - a +1 pair of boots (melded)
 h - a +0 ring mail (melded)
 m - a +0 cloak (melded)
 r - a +0 pair of gloves (melded)
Jewellery
 k - an amulet of the acrobat (around neck)
 p - a ring of protection from fire (left branch)
Scrolls
 i - 2 scrolls of teleportation
 n - a scroll of noise {unknown}
Potions
 s - a potion of lignification
Books
 e - a manual of Axes
Miscellaneous
 f - an ancient crate
Comestibles
 g - 6 rations {!d}


   Skills:
 * Level 3.5 Fighting
 * Level 5.0(5.1) Axes
 - Level 1.2(3.4) Maces & Flails
 * Level 3.8 Armour
 + Level 3.9 Dodging
 - Level 3.0 Stealth
 * Level 1.8 Invocations
 + Level 1.0 Evocations


You had 6 spell levels left.
You didn't know any spells.
Your spell library was empty.

Dungeon Overview and Level Annotations

Branches:
Dungeon (4/12)
 Temple: D:4-7

Altars:
Ashenzari
Cheibriados
Qazlal
Sif Muna


Innate Abilities, Weirdness & Mutations

((You have a pair of small antennae on your head.))
You sometimes gain power by taking damage.
((When seriously injured, your bleeding wounds create armour. (AC +0)))


Message History

You feel agile all of a sudden.
As you read the scroll of fear, it crumbles to dust.
You assume a fearsome visage.
The two-headed ogre looks frightened!
A two-headed ogre is nearby!
The two-headed ogre seems to regain its courage.
Okay, then.
You are confused.
You feel invigorated.
You cannot move. (Use ctrl+direction or * direction to attack without moving.)
You cannot move. (Use ctrl+direction or * direction to attack without moving.)
You cannot move. (Use ctrl+direction or * direction to attack without moving.)
You slash the two-headed ogre! You burn the two-headed ogre.
Your transformation is almost over.
The two-headed ogre hits you but does no damage.
The two-headed ogre hits you with a +0 giant spiked club!
You hit the two-headed ogre. You burn the two-headed ogre.
The two-headed ogre hits you with a +0 giant club!!
* * * LOW HITPOINT WARNING * * *
The two-headed ogre hits you with a +0 giant spiked club!
You die...

######........'....
#......########....
#......# #....
#.....(# #....
######.# #....
#####.# ###..
#.....# #..
##.##### #..
#.♣....# #####+
#.O....# #.....
..).....# #...†.
##..........
##..... #.?...$....
#...... #!......<..
#...... #...#######
#...#.. #####
#...#.. #...#..


You could see a two-headed ogre.

Vanquished Creatures
  Sigmund (D:3)
  A black bear (D:4)
  A phantom (D:4)
  A crimson imp (D:4)
  A bullfrog skeleton (D:4)
  An orc priest (D:3)
  2 orc wizards (D:3)
  A centaur skeleton (D:4)
  Jessica (D:3)
  An iguana (D:4)
  4 adders
  2 worms
  4 dart slugs
  12 orcs
  A ball python (D:2)
  6 bats
  7 goblins
  9 hobgoblins
  13 jackals
  10 kobolds
  2 quokkas
  4 frilled lizards
  2 rats
87 creatures vanquished.

Notes
Turn   | Place    | Note
-------+----------+-------------------------------------------
     0 | D:1      | Revguard the Demonspawn Archaeologist began the quest for
                  | the Orb.
     0 | D:1      | Reached XP level 1. HP: 15/15 MP: 1/1
   388 | D:1      | Gained mutation: You sometimes gain a little power by
                  | taking damage. [demonic ancestry]
   388 | D:1      | Reached XP level 2. HP: 20/21 MP: 2/2
   403 | D:1      | Reached skill level 1 in Maces & Flails
   518 | D:1      | Reached skill level 1 in Armour
   734 | D:1      | Gained mutation: When seriously injured, your bleeding
                  | wounds create armour. (AC +0) [demonic ancestry]
   734 | D:1      | Reached XP level 3. HP: 26/26 MP: 3/3
  1051 | D:2      | Reached skill level 1 in Evocations
  1325 | D:2      | Found a shimmering blue altar of Sif Muna.
  1326 | D:2      | Found a shattered altar of Ashenzari.
  1336 | D:2      | Found a stormy altar of Qazlal.
  1593 | D:2      | Reached skill level 1 in Axes
  1599 | D:2      | Gained mutation: You have a pair of small antennae on your
                  | head. [demonic ancestry]
  1599 | D:2      | Reached XP level 4. HP: 20/33 MP: 4/4
  2208 | D:3      | Found a snail-covered altar of Cheibriados.
  2224 | D:3      | Became a worshipper of Cheibriados the Contemplative
  2239 | D:3      | Noticed Sigmund
  2282 | D:3      | Killed Sigmund
  2282 | D:3      | Reached skill level 2 in Axes
  2282 | D:3      | Gained mutation: You sometimes gain power by taking damage.
                  | [demonic ancestry]
  2282 | D:3      | Reached XP level 5. HP: 23/40 MP: 5/5
  2615 | D:3      | Reached XP level 6. HP: 24/47 MP: 6/6
  2926 | D:3      | Reached skill level 3 in Axes
  3024 | D:3      | Noticed Jessica
  3035 | D:3      | Killed Jessica
  3073 | D:3      | Reached * piety under Cheibriados
  3336 | D:4      | Reached skill level 4 in Axes
  3336 | D:4      | Reached skill level 1 in Invocations
  3439 | D:4      | Reached XP level 7. HP: 11/52 MP: 6/8
  3841 | D:4      | Reached skill level 5 in Axes
  4001 | D:4      | Noticed a two-headed ogre
  4023 | D:4      | HP: 3/78 [two-headed ogre/+0 giant club (25)]
  4023 | D:4      | Demolished by a two-headed ogre

Skill      XL: |  1  2  3  4  5  6  7 |
---------------+----------------------+-----
Maces & Flails | 1 |  1.2
Dodging        | 3 |  3.9
Armour         | 1 2 3 |  3.8
Evocations     | 1 |  1.0
Axes           | 1 2 4 5 |  5.0
Fighting       | 2 3 |  3.5
Invocations    | 1 |  1.8
Stealth        | |  3.0

Action                   |  1- 3 |  4- 6 |  7- 9 || total
-------------------------+-------+-------+-------++-------
Melee: Whip              |    29 |       |       ||    29
       Mace              |   182 |     4 |       ||   186
       Flail             |       |    42 |       ||    42
       Hand axe          |       |   163 |    71 ||   234
Invok: Bend Time         |       |       |     1 ||     1
  Use: Scroll            |     1 |     6 |     1 ||     8
       Potion            |     2 |     4 |     4 ||    10
 Stab: Sleeping          |     2 |     2 |       ||     4
  Eat: Chunk             |     2 |     7 |     1 ||    10
Armor: Ring mail         |   111 |   128 |    19 ||   258
       Robe              |     2 |       |       ||     2
       Skin              |       |       |     4 ||     4
Dodge: Dodged            |   217 |   170 |    49 ||   436
